 Dungeon Crawl Stone Soup version 0.23.2-1-ga50397a6bc (webtiles) character file.

Game seed: 9680242290733309094

63 Menchi the Sneak (level 4, -10/34 HPs)
             Began as a Merfolk Assassin on May 8, 2019.
             Killed from afar by a hobgoblin (41 damage)
             ... with an exploding inner flame
             ... hexed by the player character
             ... on level 2 of the Dungeon.
             The game lasted 00:03:49 (1732 turns).

Menchi the Sneak (Merfolk Assassin)                 Turns: 1732, Time: 00:03:49

Health: -10/34     AC:  9    Str: 12    XL:     4   Next: 10%
Magic:  4/4        EV:  6    Int: 10    God:
Gold:   87         SH:  0    Dex: 15    Spells: 3/3 levels left

rFire    . . .     SeeInvis .   n - +0 trident
rCold    . . .     Gourm    .   (no shield)
rNeg     . . .     Faith    .   b - +0 chain mail (curse)
rPois    .         Spirit   .   (no helmet)
rElec    .         Reflect  .   d - +0 cloak
rCorr    .         Harm     .   (no gloves)
MR       .....                  (no boots)
Stlth    ..........             (no amulet)
HPRegen  0.11/turn              (no ring)
MPRegen  0.09/turn              (no ring)

@: no status effects
A: change form in water, swift swim, stealthy swim
a: no special abilities


You were on level 2 of the Dungeon.
You were not hungry.

You visited 1 branch of the dungeon, and saw 2 of its levels.

You collected 87 gold pieces.

Inventory:

Hand Weapons
 n - a +0 trident (weapon)
Armour
 b - a cursed +0 chain mail (worn)
 c - a +0 robe
 d - a +0 cloak (worn)
Scrolls
 h - 2 scrolls of identify
 l - a scroll of teleportation
Potions
 e - a potion of resistance
 f - a potion of curing {unknown}
 i - a potion of degeneration {unknown}
 k - a potion of agility
 m - 2 potions of brilliance {unknown}
Comestibles
 a - 5 chunks of flesh
 g - 5 rations


   Skills:
 + Level 2.5 Fighting
   Level 2.4 Short Blades
 * Level 1.0 Polearms
 - Level 2.0 Throwing
 * Level 3.0 Dodging
 - Level 5.5 Stealth


You had 3 spell levels left.
You didn't know any spells.
Your spell library was empty.

Dungeon Overview and Level Annotations

Branches:
Dungeon (2/15)

Altars:
Uskayaw


Message History

m - 2 sedimented amethyst potions (gained 1)
You see here a kobold corpse.
A hobgoblin comes into view.
The hobgoblin shouts!
The hobgoblin moves out of view.
Found a hide-covered altar of Uskayaw.
The hobgoblin is too close now for your liking.
You see here a scroll labeled FILOUJ SEALUOLL.
j - a scroll labeled FILOUJ SEALUOLL
As you read the scroll labeled FILOUJ SEALUOLL, it crumbles to dust.
The creatures around you are filled with an inner flame!
It was a scroll of immolation.
Your chain mail prevents you from hitting the hobgoblin.
The hobgoblin hits you but does no damage. x2
You barely miss the hobgoblin. The hobgoblin hits you.
You puncture the hobgoblin!
The hobgoblin explodes!
The fiery explosion engulfs you!!!
Ouch! That really hurt!
You die...

.......# .......# .#....
.......# ...._ .......#
.... .#.. .......# . ...
...... .....#.#.# ..
#......
.#.........####§####..#.#
.#...#.###.....§§§......#
÷..............§@........
.#.#.#..###...........#.
......................#
...#.#..#.........†...#
.#.#.#..#.#.#.#.####..#
.#.#.#..#.#.#.#.####..#
...#.#.....<..........#
...#.#......#.#####...#
.###.#.##.#.#.#####...##


There were no monsters in sight!

Vanquished Creatures
  2 adders (D:2)
  2 worms (D:2)
  2 leopard geckos (D:1)
  3 giant cockroaches
  4 goblins
  6 jackals (D:1)
  2 quokkas (D:2)
  5 bats
  4 frilled lizards
  5 kobolds
  A rat (D:1)
36 creatures vanquished.

Notes
Turn   | Place    | Note
-------+----------+-------------------------------------------
     0 | D:1      | Menchi the Merfolk Assassin began the quest for the Orb.
     0 | D:1      | Reached XP level 1. HP: 16/16 MP: 1/1
   174 | D:1      | Reached XP level 2. HP: 22/22 MP: 2/2
   207 | D:1      | Reached skill level 5 in Stealth
   820 | D:1      | Reached XP level 3. HP: 24/27 MP: 3/3
  1650 | D:2      | Reached XP level 4. HP: 23/34 MP: 4/4
  1709 | D:2      | Reached skill level 1 in Polearms
  1726 | D:2      | Found a hide-covered altar of Uskayaw.
  1732 | D:2      | Killed from afar by a hobgoblin

Skill      XL: |  1  2  3  4 |
---------------+-------------+-----
Stealth        | 5 |  5.5
Dodging        | 2 3 |  3.0
Polearms       | 1 |  1.0
Fighting       | |  2.5
Short Blades   | |  2.4
Throwing       | |  2.0

Action                   |  1- 3 |  4- 6 || total
-------------------------+-------+-------++-------
Melee: Dagger            |   141 |       ||   141
       Trident           |    20 |    10 ||    30
  Use: Scroll            |     3 |     3 ||     6
 Stab: Sleeping          |     5 |       ||     5
  Eat: Chunk             |     2 |     1 ||     3
Armor: Robe              |    30 |       ||    30
       Chain mail        |    60 |     5 ||    65
Dodge: Dodged            |    88 |     2 ||    90
